 Dungeon Crawl Stone Soup version 0.31-a0-149-g3fdcc5976a (webtiles) character file.

Game seed: 15298469526124167200

216 comborobin the Ruffian (level 5, -4/45 HPs)
             Began as a Ghoul Delver on June 8, 2023.
             Was an Initiate of Cheibriados.
             Slain by a gnoll
             ... wielding a +2 halberd of distortion
             ... led by a gnoll sergeant
              (7 damage)
             ... on level 4 of the Dungeon.
             The game lasted 00:02:40 (470 turns).

comborobin the Ruffian (Ghoul Delver)                Turns: 470, Time: 00:02:40

Health: -4/45      AC:  4    Str: 19    XL:     5   Next: 93%
Magic:  4/4        EV: 11    Int:  6    God:    Cheibriados [......]
Gold:   3          SH:  0    Dex: 11    Spells: 4/4 levels left

rFire   . .          .
                       - Unarmed
rCold   + . .        (no shield)
rNeg    + + +        a - +0 leather armour
rPois   ∞            (no helmet)
rElec   .            (no cloak)
rCorr   .            (no gloves)
SInv    .            h - +0 pair of boots
Will    .....        (no amulet)
Stlth   +++          (no ring)
HPRegen 0.00/turn    (no ring)
MPRegen 0.09/turn

%: no passive effects
@: attractive, inhibited regen, very slow
A: claws 1, cold resistance 1, negative energy resistance 3, inhibited
regeneration, torment resistance 2, devour on kill
a: Renounce Religion


You were on level 4 of the Dungeon.
You worshipped Cheibriados.
Cheibriados was noncommittal.
You visited 2 branches of the dungeon, and saw 4 of its levels.

You collected 3 gold pieces.

Inventory:

Armour
 a - a +0 leather armour (worn)
 h - a +0 pair of boots (worn)
Wands
 e - a wand of flame (25)
 f - a wand of digging (3)
Scrolls
 b - a scroll of fog
 d - a scroll of fear
 j - a scroll of amnesia {unknown}


   Skills:
 - Level 3.2 Fighting
 - Level 1.7 Dodging
 - Level 5.4 Stealth
 + Level 6.5 Unarmed Combat


You had 4 spell levels left.
You didn't know any spells.
Your spell library contained the following spells:

 Spells                   Type           Power      Damage    Failure   Level
 Gell's Gravitas          Tloc           0%         N/A       87%         3
 Teleport Other           Tloc           0%         N/A       87%         3
 Dispersal                Tloc           0%         N/A       100%        6


Dungeon Overview and Level Annotations

Branches:
Dungeon (6/15)             Temple (1/1) D:6

Altars:
Cheibriados
Hepliaklqana
Kikubaaqudgha
Wu Jian

Annotations:
D:4 Blork the orc, Edmund


Innate Abilities, Weirdness & Mutations

You are immune to poison.
You have sharp fingernails.
Your flesh is cold resistant. (rC+)
You are immune to negative energy. (rN+++)
You do not regenerate when monsters are visible.
You are immune to unholy pain and torment.
You thrive by killing the living.


Message History

The adder is attracted toward you.
The ball python is attracted toward you.
The gnoll is attracted toward you.
You closely miss the phantom.
The phantom is almost destroyed.
The phantom hits you.
The phantom blinks!
You blink.
A gnoll sergeant comes into view. It is wielding a +0 spear.
The adder is attracted toward you.
The gnoll sergeant is attracted toward you.
Unknown command.
The ball python hisses angrily.
You claw the phantom!
You destroy the phantom!
Cheibriados appreciates the change of pace.
The adder barely misses you.
The gnoll sergeant is attracted toward you.
Your Unarmed Combat skill increases to level 6!
You claw the ball python!
You kill the ball python!
Cheibriados appreciates the change of pace.
You feel better.
The gnoll hits you from afar with a +2 halberd of distortion.
Space warps around you. The gnoll sergeant closely misses you.
The adder bites you but does no damage. The gnoll is attracted toward you.
You closely miss the gnoll. The adder closely misses you.
The gnoll barely misses you.
The gnoll hits you with a +2 halberd of distortion!
* * * LOW HITPOINT WARNING * * *
Space warps around you.
* * * LOW HITPOINT WARNING * * *
The gnoll sergeant hits you with a +0 spear.
* * * LOW HITPOINT WARNING * * *
The gnoll is attracted toward you.
A gnoll comes into view. It is wielding a +0 club.
You scratch the gnoll.
The gnoll is moderately wounded.
The adder bites you but does no damage. The gnoll barely misses you.
The gnoll sergeant barely misses you.
The gnoll hits you with a +2 halberd of distortion!
You die...

#.#. ##..†.)..#.#
.... #..######.####
### ##.## ###....###
.##
##.#.####...##.§....
..##
#.###.†.....#..##.##
...##
##.#.##.....#g#
....#
##.###.#.§...#.#
....# ### #
#.gg§...# ..#.#
##@S..# .## #
#....g..# ##
####.....# ###......
...#.# ...... .###.
.#


You could see a gnoll sergeant, 3 gnolls and an adder.

Vanquished Creatures
  A phantom (D:4)
  A bullfrog (D:6)
  A hound (D:4)
  An iguana (D:4)
  An adder (D:5)
  An ufetubus (D:5)
  A worm (D:5)
  2 goblins (D:4)
  A hobgoblin (D:4)
  A quokka (D:4)
  2 ball pythons (D:4)
  A kobold (D:4)
14 creatures vanquished.

Notes
Turn   | Place    | Note
-------+----------+-------------------------------------------
     0 | D:5      | comborobin the Ghoul Delver began the quest for the Orb.
     0 | D:5      | Reached XP level 1. HP: 19/19 MP: 0/0
    11 | D:6      | Noticed a bullfrog
    21 | D:6      | Killed a bullfrog
    22 | D:6      | Reached skill level 4 in Unarmed Combat
    22 | D:6      | Reached XP level 2. HP: 21/26 MP: 1/1
    22 | D:6      | Reached XP level 3. HP: 25/31 MP: 2/2
    22 | D:6      | Reached XP level 4. HP: 31/38 MP: 3/3
    41 | D:6      | Found a staircase to the Ecumenical Temple.
    50 | Temple   | Entered the Ecumenical Temple
   102 | Temple   | Became a worshipper of Cheibriados the Contemplative
   188 | D:5      | Noticed a scorpion
   207 | D:5      | Noticed a black bear
   257 | D:4      | Noticed Edmund
   257 | D:4      | Noticed Blork the orc
   257 | D:4      | Noticed a scorpion
   389 | D:4      | Reached skill level 5 in Unarmed Combat
   443 | D:4      | Noticed a phantom
   450 | D:4      | Reached XP level 5. HP: 18/45 MP: 4/4
   467 | D:4      | Killed a phantom
   468 | D:4      | Reached skill level 6 in Unarmed Combat
   470 | D:4      | Slain by a gnoll

Illustrated notes

Levels and vault maps discovered:
D:4:      layout_loops_ring, portal_sewer_entry_f, minmay_manual_mares,
          uniq_menkaure, uniq_edmund, uniq_blork_the_orc
D:5:      layout_loops_corners, hangedman_decor_clover_reticule
D:6:      layout_basic, minmay_temple_entry_sparse_star,
          dreamdust_mushroom_princess
Temple:   nicolae_temple_slightly_damp_pantheon

Skill      XL: |  1  2  3  4  5 |
---------------+----------------+-----
Unarmed Combat | 4 5 6 |  6.5
Fighting       | |  3.2
Dodging        | |  1.7
Stealth        | |  5.4

Action                     |  1- 3 |  4- 6 || total
---------------------------+-------+-------++-------
  Melee: Unarmed           |     8 |    49 ||    57
    Use: Potion            |     1 |     3 ||     4
         Scroll            |       |     1 ||     1
   Stab: Sleeping          |       |     2 ||     2
 Armour: Leather armour    |     2 |    12 ||    14
  Dodge: Dodged            |     2 |    26 ||    28

Table legend: (Time is in decaauts)
 A = Elapsed time spent in this place.
 B = Non-inter-level travel time spent in this place.
 C = Inter-level travel time spent in this place.
 D = Time resting spent in this place.
 E = Time spent auto-exploring this place.
 F = Levels seen in this place.
 G = Mean time per level.
                   A        B        C        D        E       F      G
               +--------+--------+--------+--------+--------+-----+--------+
         Total |    515 |    473 |     42 |     59 |     27 |   4 |  128.8 |
       Dungeon |    454 |    439 |     15 |     59 |      0 |   3 |  151.3 |
        Temple |     61 |     34 |     27 |      0 |     27 |   1 |   61.0 |
               +--------+--------+--------+--------+--------+-----+--------+

Top non-repeatable levels by time:
     D:5: 253 daAuts
     D:4: 147 daAuts
  Temple: 61 daAuts
     D:6: 53 daAuts
